 Seeded DCSS version 0.30-a0-576-g89cddaab80 (webtiles) character file.

Game seed: 4841621037656573705 (custom seed)

61 purpskrrrp the Trooper (level 3, -2/29 HPs)
             Began as a Demonspawn Fighter on Dec 31, 2022.
             Slain by a gnoll
             ... wielding a +0 flail of protection
              (11 damage)
             ... on level 3 of the Dungeon.
             The game lasted 00:02:08 (1791 turns).

purpskrrrp the Trooper (Demonspawn Fighter)         Turns: 1791, Time: 00:02:08

Health: -2/29      AC:  7    Str: 18    XL:     3   Next: 83%
Magic:  3/3        EV:  9    Int:  9    God:
Gold:   157        SH:  4    Dex: 12    Spells: 2/2 levels left

rFire   . . .      SeeInvis .    a - +0 war axe
rCold   . . .      Faith    .    c - +0 buckler
rNeg    . . .      Spirit   .    b - +0 scale mail
rPois   .          Reflect  .    (no helmet)
rElec   .          Harm     .    (no cloak)
rCorr   .          Rampage  .    n - +0 pair of gloves
Will    .....                    (no boots) Stlth
                                 (no amulet)
HPRegen 0.24/turn                (no ring)
MPRegen 0.08/turn                (no ring)

@: no status effects
A: powered by death 1, demonic touch 1
a: no special abilities


You were on level 3 of the Dungeon.
You visited 1 branch of the dungeon, and saw 3 of its levels.

You collected 157 gold pieces.

Inventory:

Hand Weapons
 a - a +0 war axe (weapon)
Armour
 b - a +0 scale mail (worn)
 c - a +0 buckler (worn)
 n - a +0 pair of gloves (worn)
Jewellery
 p - a ring of fire
Scrolls
 f - a scroll of vulnerability {unknown}
 j - 4 scrolls of identify {unknown}
 l - a scroll of teleportation {unknown}
 q - a scroll of amnesia {unknown}
Potions
 d - 2 potions of might
 e - 2 potions of heal wounds {unknown}
 g - a potion of degeneration {unknown}
 h - a potion of brilliance {unknown}
 i - 2 potions of magic {unknown}
 k - 2 potions of mutation {unknown}
 m - 2 potions of lignification {unknown}
 o - a potion of ambrosia {unknown}
 r - a potion of attraction {unknown}


   Skills:
 + Level 3.4 Fighting
 * Level 2.6 Axes
 + Level 3.1 Armour
 - Level 2.9 Shields
 + Level 0.7 Unarmed Combat


You had 2 spell levels left.
You didn't know any spells.
Your spell library was empty.

Dungeon Overview and Level Annotations

Branches:
Dungeon (3/15)

Altars:
Ashenzari


Innate Abilities, Weirdness & Mutations

You regenerate a little health from kills.
Your touch may inflict minor irresistible damage on your foes.


Message History

You hit the gnoll.
The gnoll is moderately wounded.
You block the gnoll's attack.
You slash the gnoll!
You kill the gnoll!
You slash the gnoll!
The gnoll is heavily wounded.
The gnoll barely misses you. The gnoll hits you but does no damage.
You block the gnoll's attack.
You hit the gnoll.
The gnoll is severely wounded.
The gnoll barely misses you.
The gnoll hits you with a +0 flail of protection.
You are too injured to fight recklessly!
You are too injured to fight recklessly!
You are too injured to fight recklessly!
You are too injured to fight recklessly!
You are too injured to fight recklessly!
You are too injured to fight recklessly!
You are too injured to fight recklessly!
You are too injured to fight recklessly!
You are too injured to fight recklessly!
You are too injured to fight recklessly!
You are too injured to fight recklessly!
You are too injured to fight recklessly!
You are too injured to fight recklessly!
You are too injured to fight recklessly!
You are too injured to fight recklessly!
You are too injured to fight recklessly!
You are too injured to fight recklessly!
You are too injured to fight recklessly!
You are too injured to fight recklessly!
You are too injured to fight recklessly!
You are too injured to fight recklessly!
You closely miss the gnoll.
The gnoll is severely wounded.
The gnoll closely misses you.
The gnoll hits you with a +0 flail of protection.
The gnoll hits you with a +0 flail of protection!
You die...

. #################....
.>...........@gg.....
###.##.#.....######....
...##.#...#.# .
#.....(......#
#.#.##.#.###.#.##
.#.#<##...........
......#...#####.#.
##.#.##...+ .#
...#.##...# .


You could see 2 gnolls.

Vanquished Creatures
  A gnoll (D:3)
  2 dart slugs
  4 bats (D:1)
  5 endoplasms
  A giant cockroach (D:2)
  5 goblins
  4 hobgoblins
  A quokka (D:1)
  10 ball pythons
  3 frilled lizards
  4 kobolds
  7 rats
47 creatures vanquished.

Notes
Turn   | Place    | Note
-------+----------+-------------------------------------------
     0 | D:1      | purpskrrrp the Demonspawn Fighter began the quest for the
                  | Orb.
     0 | D:1      | Reached XP level 1. HP: 18/18 MP: 1/1
   134 | D:1      | Gained mutation: Your touch may inflict minor irresistible
                  | damage on your foes. [demonic ancestry]
   134 | D:1      | Reached XP level 2. HP: 24/24 MP: 2/2
   552 | D:1      | Gained mutation: You regenerate a little health from kills.
                  | [demonic ancestry]
   552 | D:1      | Reached XP level 3. HP: 29/29 MP: 3/3
   922 | D:2      | Found a broken altar of Ashenzari.
  1484 | D:2      | Found a faded altar of an unknown god.
  1791 | D:3      | Slain by a gnoll

Illustrated notes

Levels and vault maps discovered:
D:1:      minmay_arrival_four_loops, layout_basic
D:2:      layout_loops_corners, shapermc_ecumenical_altar_petra, basic_altar
D:3:      layout_basic, amcnicky_altar_gilded, gammafunk_ghost_split

Skill      XL: |  1  2 |
---------------+-------+-----
Axes           | 2 |  2.6
Armour         | 3 |  3.1
Fighting       | |  3.4
Shields        | |  2.9
Unarmed Combat | |  0.7

Action                   || total
-------------------------++-------
Melee: War axe           ||   125
Armor: Scale mail        ||    68
Dodge: Dodged            ||    61
Block: Buckler           ||    30

Table legend: (Time is in decaauts)
 A = Elapsed time spent in this place.
 B = Non-inter-level travel time spent in this place.
 C = Inter-level travel time spent in this place.
 D = Time resting spent in this place.
 E = Time spent auto-exploring this place.
 F = Levels seen in this place.
 G = Mean time per level.
                   A        B        C        D        E       F      G
               +--------+--------+--------+--------+--------+-----+--------+
         Total |   1844 |   1740 |    104 |      0 |   1401 |   3 |  614.7 |
       Dungeon |   1844 |   1740 |    104 |      0 |   1401 |   3 |  614.7 |
               +--------+--------+--------+--------+--------+-----+--------+

Top non-repeatable levels by time:
     D:2: 951 daAuts
     D:1: 761 daAuts
     D:3: 130 daAuts
